AoeStats
← Chris

Hill Fort

505804290Analyzed
4v4 RM · 21d ago on Sep 11, 2026· 44m 11s· 8 players
Game mode
Random Map
Map size
Large (8 player)
Population
200
Speed
Normal
Resources
Standard
Victory
Conquest
Starting age
Dark Age
Ending age
Imperial Age
RankedLock teamsTeams togetherTeam positionsShared explorationLock speedFull tech treeHidden civsTurbo modeCheats
Victory
Defeat
🇭🇰 Franks · Hong Kong SAR China
1410
+15
🇻🇳 Britons · Vietnam
1403
+15
🇨🇳 Huns · China
1369
+17
🇻🇳 Goths · Vietnam
1284
+21
🇨🇦 Ethiopians · Canada
1415
-18
🇺🇸 Persians · United States
1385
-17
🇻🇪 Bengalis · Venezuela
1384
-17
🇯🇵 Bohemians · Japan
1363
-16
Keishi
11:13 Feudal Age
15:09 Castle Age
13:42 Double-Bit Axe
14:32 Loom
16:15 Bow Saw
19:15 Horse Collar
23:08 Fletching
32:06 Imperial Age
31:29 Bodkin Arrow
32:11 Wagenburg Tactics
32:25 Padded Archer Armor
33:53 Chemistry
34:02 Conscription
34:09 Conscription
36:14 Bracer
37:41 Wheelbarrow
41:03 Houfnice
42:07 Pikeman
Chris
11:48 Feudal Age
12:37 Horse Collar
14:20 Wheelbarrow
17:54 Castle Age
17:37 Bloodlines
17:36 Scale Barding Armor
18:03 Double-Bit Axe
18:50 Chain Barding Armor
19:14 Loom
22:59 Husbandry
23:12 Bow Saw
24:02 Heavy Plow
26:39 Town Watch
27:12 Hand Cart
35:33 Imperial Age
35:09 Cavalier
35:51 Scale Mail Armor
36:28 Plate Barding Armor
36:04 Forging
36:55 Savar
38:59 Chemistry
41:04 Padded Archer Armor
SkinnyPig
10:49 Feudal Age
15:41 Castle Age
14:12 Double-Bit Axe
14:36 Horse Collar
16:28 Fletching
17:10 Loom
17:16 Crossbowman
21:05 Bodkin Arrow
22:53 Wheelbarrow
25:36 Padded Archer Armor
27:19 Hand Cart
28:27 Leather Archer Armor
34:19 Imperial Age
32:24 Ballistics
32:55 Thumb Ring
32:47 Town Watch
33:57 Gold Mining
33:57 Stone Mining
34:34 Squires
36:04 Chemistry
38:35 Forging
38:25 Scale Mail Armor
Potro Occidental
8:28 Feudal Age
9:01 Double-Bit Axe
8:58 Horse Collar
13:02 Wheelbarrow
20:01 Castle Age
20:57 Bow Saw
22:16 Loom
23:26 Heavy Plow
25:15 Hand Cart
27:11 Town Watch
28:43 Stone Mining
30:03 Gold Mining
30:06 Fletching
30:18 Padded Archer Armor
33:10 Imperial Age
31:19 Gold Shaft Mining
33:22 Elite Elephant Archer
34:02 Bodkin Arrow
34:23 Leather Archer Armor
34:26 Bloodlines
34:16 Husbandry
36:26 Chemistry
35:35 Bracer
35:59 Ballistics
36:37 Murder Holes
40:01 Pikeman
40:41 Squires
D哥
11:42 Feudal Age
15:34 Castle Age
13:57 Double-Bit Axe
14:30 Gold Mining
14:47 Horse Collar
17:12 Bow Saw
17:16 Loom
21:15 Fletching
33:26 Wheelbarrow
33:24 Stone Mining
35:45 Gold Shaft Mining
39:15 Imperial Age
37:18 Hand Cart
36:51 Town Watch
37:27 Marauders
37:42 Forging
37:39 Scale Barding Armor
38:19 Scale Barding Armor
38:17 Husbandry
38:28 Bloodlines
39:22 Chain Barding Armor
39:39 Iron Casting
39:17 Elite Tarkan
40:18 Conscription
40:55 Plate Barding Armor
42:04 Blast Furnace
42:32 Guilds
43:25 Two-Man Saw
42:26 Heavy Plow
42:58 Light Cavalry
43:47 Hussar
王老吉字花檔
9:54 Loom
12:13 Feudal Age
14:02 Double-Bit Axe
16:57 Castle Age
17:17 Wheelbarrow
16:27 Town Watch
20:02 Bow Saw
19:45 Gold Mining
22:57 Scale Barding Armor
23:03 Forging
22:55 Stone Mining
25:53 Iron Casting
26:43 Husbandry
28:46 Chain Barding Armor
31:16 Fletching
31:27 Scale Mail Armor
32:05 Hand Cart
37:01 Imperial Age
35:26 Chain Mail Armor
36:42 Ballistics
36:33 Masonry
36:34 Fortified Wall
39:00 Blast Furnace
38:38 Plate Barding Armor
37:24 Cavalier
40:12 Paladin
41:25 Plate Mail Armor
40:50 Bodkin Arrow
40:56 Padded Archer Armor
40:46 Pikeman
41:27 Squires
41:12 Arson
44:19 Gold Shaft Mining
44:25 Caravan
HuynhSon
2:50 Loom
4:09 Loom
11:03 Feudal Age
17:16 Castle Age
15:58 Double-Bit Axe
15:56 Horse Collar
18:13 Bow Saw
19:59 Stone Mining
21:34 Loom
22:42 Fletching
24:04 Padded Archer Armor
25:21 Bodkin Arrow
25:57 Heavy Plow
26:32 Leather Archer Armor
26:58 Gold Mining
30:30 Gold Shaft Mining
33:17 Imperial Age
31:44 Pikeman
32:24 Squires
32:10 Gambesons
32:55 Scale Mail Armor
32:48 Gambesons
35:28 Bracer
35:45 Chain Mail Armor
36:01 Halberdier
38:12 Plate Mail Armor
nguyenducminhhieu
0:57 Loom
10:31 Feudal Age
12:07 Wheelbarrow
11:19 Double-Bit Axe
11:56 Horse Collar
15:31 Fishing Lines
19:57 Castle Age
20:54 Hand Cart
20:51 Bow Saw
20:41 Heavy Plow
22:47 Stone Mining
25:06 Gold Mining
25:51 Stone Shaft Mining
27:20 Forging
27:10 Scale Mail Armor
27:24 Pikeman
28:05 Squires
28:59 Anarchy
32:50 Imperial Age
34:38 Iron Casting
34:28 Chain Mail Armor
37:01 Blast Furnace
35:41 Halberdier
36:18 Elite Huskarl
37:00 Perfusion
41:15 Crop Rotation
Connection lost

Rejoining the realm…

Still unreachable

The connection could not be restored.

Session expired

The server has moved on; the page needs a fresh start.